 Dungeon Crawl Stone Soup version 0.22-a0-240-g539252a (webtiles) character file.

113 wolfsongas the Skirmisher (level 4, -8/41 HPs)
             Began as a Gnoll Wanderer on Feb 22, 2018.
             Mangled by GuildmasterMusic's ghost (12 damage)
             ... on level 3 of the Dungeon.
             The game lasted 00:02:36 (2080 turns).

wolfsongas the Skirmisher (Gnoll Wanderer)          Turns: 2080, Time: 00:02:36

Health: -8/41      AC:  6    Str: 15    XL:     4   Next: 96%
Magic:  7/7        EV:  8    Int: 13    God:
Gold:   86         SH: 11    Dex: 16    Spells: 5/5 levels left

rFire    . . .     SeeInvis .   a - +2 short sword
rCold    . . .     Gourm    .   e - +3 shield
rNeg     + . .     Faith    .   b - +1 ring mail
rPois    .         Spirit   .   (no helmet)
rElec    .         Reflect  .   (no cloak)
rCorr    .         Harm     .   (no gloves)
MR       .....                  (no boots)
Stlth    ++........             (no amulet)
HPRegen  0.13/turn              l - ring of positive energy
MPRegen  0.10/turn              (no ring)

@: no status effects
A: distributed training, fangs 1, strong nose
a: no special abilities


You were on level 3 of the Dungeon.
You were not hungry.

You visited 1 branch of the dungeon, and saw 3 of its levels.

You collected 86 gold pieces.

Inventory:

Hand Weapons
 a - a +2 short sword (weapon)
 c - a +0 shortbow
Missiles
 d - 36 arrows
Armour
 b - a +1 ring mail (worn)
 e - a +3 shield (worn)
Jewellery
 l - a ring of positive energy (left hand)
Scrolls
 j - a scroll of remove curse
Comestibles
 f - 4 rations


   Skills:
 + Level 6.6 Fighting
 + Level 4.7 Short Blades
 + Level 1.2 Long Blades
 + Level 1.2 Axes
 + Level 1.2 Maces & Flails
 + Level 1.2 Polearms
 + Level 1.2 Staves
 + Level 1.2 Slings
 + Level 4.7 Bows
 + Level 1.2 Crossbows
 + Level 1.2 Throwing
 + Level 1.2 Armour
 + Level 1.2 Dodging
 + Level 2.6 Stealth
 + Level 1.2 Shields
 + Level 1.2 Unarmed Combat
 + Level 1.2 Spellcasting
 + Level 1.0 Conjurations
 + Level 1.0 Hexes
 + Level 1.0 Charms
 + Level 1.0 Summonings
 + Level 1.0 Necromancy
 + Level 1.0 Translocations
 + Level 1.0 Transmutations
 + Level 1.0 Fire Magic
 + Level 1.0 Ice Magic
 + Level 1.0 Air Magic
 + Level 1.0 Earth Magic
 + Level 1.0 Poison Magic
 + Level 1.4 Invocations
 + Level 4.7 Evocations


You had 5 spell levels left.
You didn't know any spells.

Dungeon Overview and Level Annotations

Branches:
Dungeon (3/15)

Altars:
Cheibriados
Makhleb
Trog
Vehumet

Annotations:
D:3 GuildmasterMusic's ghost, amateur HOFi


Innate Abilities, Weirdness & Mutations

Your experience applies equally to all skills.
You have very sharp teeth.
Your uncanny sense of smell can sniff out nearby items.


Message History

Your shield and ring mail prevent you from hitting GuildmasterMusic's ghost.
GuildmasterMusic's ghost is moderately damaged.
GuildmasterMusic's ghost shrieks, "You must not succeed where I failed!"
You block GuildmasterMusic's ghost's attack.
You hit GuildmasterMusic's ghost.
GuildmasterMusic's ghost is heavily damaged.
GuildmasterMusic's ghost hits you!
* * * LOW HITPOINT WARNING * * *
You hit GuildmasterMusic's ghost but do no damage.
You bite GuildmasterMusic's ghost, but do no damage.
GuildmasterMusic's ghost is heavily damaged.
You block GuildmasterMusic's ghost's attack.
You barely miss GuildmasterMusic's ghost.
GuildmasterMusic's ghost is heavily damaged.
You block GuildmasterMusic's ghost's attack.
You hit GuildmasterMusic's ghost.
You bite GuildmasterMusic's ghost, but do no damage.
GuildmasterMusic's ghost is heavily damaged.
GuildmasterMusic's ghost hits you!
You die...

.... .... ...%. ##
..... ..## ......
..## ## ......# ..(
.#
.......###.#####..
.......W.#......#
##.#####@..####.#
###......#####
#####......#
##.....## ####.<.#
#.#.## #....#
#######..#..
#########...<...>...


You could see GuildmasterMusic's ghost.

Vanquished Creatures
  4 adders
  An ooze (D:1)
  2 worms (D:2)
  2 dart slugs
  4 orcs (D:3)
  A giant cockroach (D:2)
  12 goblins
  4 hobgoblins
  4 jackals
  2 quokkas
  6 bats
  4 frilled lizards
  6 kobolds
  8 rats
60 creatures vanquished.

Notes
Turn   | Place    | Note
-------+----------+-------------------------------------------
     0 | D:1      | wolfsongas the Gnoll Wanderer began the quest for the Orb.
     0 | D:1      | wolfsongas set off with: a +2 short sword, a +0 ring mail, a +0 shortbow, 21 arrows, a ration
     0 | D:1      | Reached XP level 1. HP: 23/23 MP: 3/3
   200 | D:1      | Reached XP level 2. HP: 27/29 MP: 5/5
   443 | D:1      | Reached XP level 3. HP: 24/35 MP: 6/6
   656 | D:1      | You fall through a shaft!
   756 | D:2      | Found a snail-covered altar of Cheibriados.
   756 | D:2      | Found a bloodstained altar of Trog.
   763 | D:2      | Found a radiant altar of Vehumet.
   765 | D:2      | Found a burning altar of Makhleb.
   766 | D:2      | Found a faded altar of an unknown god.
   823 | D:2      | Reached skill level 1 in Invocations
  1127 | D:2      | Reached skill level 1 in Long Blades
  1127 | D:2      | Reached skill level 1 in Axes
  1127 | D:2      | Reached skill level 1 in Maces & Flails
  1127 | D:2      | Reached skill level 1 in Polearms
  1127 | D:2      | Reached skill level 1 in Staves
  1127 | D:2      | Reached skill level 1 in Slings
  1127 | D:2      | Reached skill level 1 in Crossbows
  1127 | D:2      | Reached skill level 1 in Throwing
  1127 | D:2      | Reached skill level 1 in Armour
  1127 | D:2      | Reached skill level 1 in Dodging
  1127 | D:2      | Reached skill level 1 in Shields
  1127 | D:2      | Reached skill level 1 in Unarmed Combat
  1127 | D:2      | Reached skill level 1 in Spellcasting
  1137 | D:2      | Reached XP level 4. HP: 23/41 MP: 7/7
  1773 | D:3      | Reached skill level 1 in Conjurations
  1773 | D:3      | Reached skill level 1 in Hexes
  1773 | D:3      | Reached skill level 1 in Charms
  1773 | D:3      | Reached skill level 1 in Summonings
  1773 | D:3      | Reached skill level 1 in Necromancy
  1773 | D:3      | Reached skill level 1 in Translocations
  1773 | D:3      | Reached skill level 1 in Transmutations
  1773 | D:3      | Reached skill level 1 in Fire Magic
  1773 | D:3      | Reached skill level 1 in Ice Magic
  1773 | D:3      | Reached skill level 1 in Air Magic
  1773 | D:3      | Reached skill level 1 in Earth Magic
  1773 | D:3      | Reached skill level 1 in Poison Magic
  1806 | D:3      | HP: 2/41 [orc/war axe (10)]
  2048 | D:3      | Noticed GuildmasterMusic's ghost (amateur HOFi)
  2080 | D:3      | Mangled by GuildmasterMusic's ghost

Vault maps used:
D:1:      dpeg_arrival_rhombus, minmay_pentomino_z4
D:2:      kennysheep_the_goblin_king, chequers_temple_overflow_minitemple
D:3:      minmay_misc_feat_encased

Skill      XL: |  1  2  3  4 |
---------------+-------------+-----
Invocations    | 1 |  1.4
Long Blades    | 1 |  1.2
Axes           | 1 |  1.2
Maces & Flails | 1 |  1.2
Polearms       | 1 |  1.2
Staves         | 1 |  1.2
Slings         | 1 |  1.2
Crossbows      | 1 |  1.2
Throwing       | 1 |  1.2
Armour         | 1 |  1.2
Dodging        | 1 |  1.2
Shields        | 1 |  1.2
Unarmed Combat | 1 |  1.2
Spellcasting   | 1 |  1.2
Conjurations   | 1 |  1.0
Hexes          | 1 |  1.0
Charms         | 1 |  1.0
Summonings     | 1 |  1.0
Necromancy     | 1 |  1.0
Translocations | 1 |  1.0
Transmutations | 1 |  1.0
Fire Magic     | 1 |  1.0
Ice Magic      | 1 |  1.0
Air Magic      | 1 |  1.0
Earth Magic    | 1 |  1.0
Poison Magic   | 1 |  1.0
Fighting       | |  6.6
Short Blades   | |  4.7
Bows           | |  4.7
Stealth        | |  2.6
Evocations     | |  4.7

Action                   |  1- 3 |  4- 6 || total
-------------------------+-------+-------++-------
Melee: Short sword       |   104 |    83 ||   187
       Bite              |     6 |    10 ||    16
  Use: Scroll            |     5 |     4 ||     9
       Potion            |       |     1 ||     1
  Eat: Chunk             |     1 |     3 ||     4
Armor: Ring mail         |    44 |    29 ||    73
Dodge: Dodged            |    39 |    27 ||    66
Block: Shield            |    30 |    62 ||    92

Table legend:
 A = Spawn XP
 B = Non-spawn XP
 C = Spawn XP percentage of total XP
 D = Spawn monster count
 E = Non-spawn monster count
 F = Spawn count percentage of total count
 G = Total turns spent on level
                    A         B        C        D         E        F      G
               +---------+---------+-------+---------+---------+-------+---------
         Total |       0 |     162 |   0.0 |       0 |      60 |   0.0 |  2080
               +---------+---------+-------+---------+---------+-------+---------
           D:1 |       0 |      35 |   0.0 |       0 |      18 |   0.0 |   658
           D:2 |       0 |      93 |   0.0 |       0 |      30 |   0.0 |  1098
           D:3 |       0 |      34 |   0.0 |       0 |      12 |   0.0 |   324
               +---------+---------+-------+---------+---------+-------+---------
